 Dungeon Sprint DCSS version 0.16-a0-3946-g4f19e5c (webtiles) character file.

1208 PolkaDot the Summoner (level 8, -2/49 (53) HPs)
             Began as a Vampire Summoner on Feb 9, 2015.
             Was a Believer of Sif Muna.
             Slain by a centaur warrior (6 damage)
             ... in the Dungeon (Sprint III: "The Ten Rune Challenge").
             The game lasted 00:13:59 (2281 turns).

PolkaDot the Summoner (Vampire Summoner)            Turns: 2281, Time: 00:13:59

HP:   -2/49 (53)    AC:  7    Str:  7      XL:     8   Next: 21%
MP:   20/24         EV: 12    Int: 21      God:    Sif Muna [**....]
Gold: 39            SH:  0    Dex: 14 (15) Spells: 6 memorised, 5 levels left

rFire  . . .     SeeInvis +     s - +4 scimitar (flame)
rCold  + + .     Clarity  +     a - +0 robe
rNeg   + + +     SustAb   .     (no shield)
rPois  +         Gourm    .     (no helmet)
rElec  .         Spirit   .     (no cloak)
rCorr  .         Warding  .     (no gloves)
rMut   .         NoTele   +     (no boots)
MR     .....                    (no amulet)
Stlth  +++.......               (no ring)
                                (no ring)

@: very slightly contaminated, regenerating slowly, not resistant to hostile
enchantments, fairly stealthy
A: bottle blood, fangs 3, rough black scales 1, rugged brown scales 1, see
invisible, agile 1, clarity, clever 1, sense surroundings 1, unbreathing
a: Bat Form, Channel Energy, Forget Spell, Renounce Religion


You were in the Dungeon.
You worshipped Sif Muna.
Sif Muna was pleased with you.
You were near bloodless.

You visited 1 branch You collected 39 gold pieces.

Inventory:

Hand weapons
 s - a +4 scimitar of flaming (weapon)
Armour
 a - a +0 robe (worn)
Scrolls
 c - a scroll of holy word {unknown}
 k - 2 scrolls of remove curse
 n - a scroll of immolation {unknown}
 o - a scroll of recharging {unknown}
 p - a scroll of enchant armour {unknown}
Potions
 e - a potion of might
 g - 2 potions of magic
 h - a potion of berserk rage
 l - 4 potions of cure mutation {!q}
 m - a potion of lignification
 q - 2 potions of flight
Books
 b - a book of Callings

   Spells                             Type                      Level
   a - Summon Small Mammal            Summoning                    1
   b - Call Imp                       Summoning                    2
   c - Call Canine Familiar           Summoning                    3
   d - Summon Guardian Golem          Hexes/Summoning              4
   e - Summon Lightning Spire         Summoning/Air                4
   f - Summon Ice Beast               Ice/Summoning                4
 j - a book of Annihilations {highlevel, unknown}

   This book is beyond your current level of understanding.

   Spells                             Type                      Level
   a - Poison Arrow                   Conjuration/Poison           6
   b - Chain Lightning                Conjuration/Air              8
   c - Lehudib's Crystal Spear        Conjuration/Earth            8
   d - Glaciate                       Conjuration/Ice              9
   e - Fire Storm                     Conjuration/Fire             9
 r - a book of the Tempests

   Spells                             Type                      Level
   a - Static Discharge               Conjuration/Air              3
   b - Lightning Bolt                 Conjuration/Air              5
   c - Fireball                       Conjuration/Fire             5
   d - Tornado                        Air                          9
   e - Shatter                        Earth                        9
Miscellaneous
 f - a legendary deck of changes


   Skills:
 + Level 0.8 Long Blades
 - Level 2.1 Dodging
 - Level 3.0 Stealth
 - Level 8.2 Spellcasting
 - Level 5.0 Hexes
 * Level 14.1 Summonings
 - Level 5.1 Ice Magic
 + Level 3.4 Air Magic


You had 5 spell levels left.
You knew the following spells:

 Your Spells              Type           Power        Failure   Level  Hunger
d - Call Canine Familiar  Summ           ######..     1%          3    None
g - Summon Guardian Gole  Hex/Summ       #####...     1%          4    ###....
i - Summon Ice Beast      Ice/Summ       #####...     1%          4    ###....
l - Summon Lightning Spi  Summ/Air       #####...     2%          4    ###....
s - Call Imp              Summ           ######..     1%          2    None
z - Summon Small Mammal   Summ           ####         1%          1    None


Dungeon Overview and Level Annotations

Branches:
Dungeon (1/1)

Altars:
Cheibriados
Dithmenos
Elyvilon
Fedhas
Gozag
Kikubaaqudgha
Makhleb
Nemelex Xobeh
Okawaru
Qazlal
Ru
Sif Muna
Trog
Vehumet
Xom
Yredelemnul
Zin
The Shining One
Jiyva
Lugonu


Innate Abilities, Weirdness & Mutations

You heal slowly.
You can bottle blood from corpses.
You have razor-sharp teeth.
You have supernaturally acute eyesight.
You can survive without breathing.
You are partially covered in rough black scales (AC +4, Dex -1).
You are partially covered in rugged brown scales (AC +1, +3% HP).
You are agile. (Dex +2)
You possess an exceptional clarity of mind.
Your mind is acute. (Int +2)
You passively map a small area around you.


Message History

The centaur unwields an uncursed shortbow.
The centaur hits you.
* * * LOW HITPOINT WARNING * * *
The centaur warrior hits you but does no damage.
Your wolf barely misses the centaur warrior.
The centaur warrior hits you.
* * * LOW HITPOINT WARNING * * *
The centaur closely misses you.
Drink which item? (? for menu, Esc to quit)
Okay, then.
Unknown command.
Drink which item? (? for menu, Esc to quit)
Okay, then.
Casting: Summon Ice Beast
Confirm with . or Enter, or press ? or * to list all spells.
A chill wind blows around you. The centaur barely misses you.
Your wolf bites the centaur warrior!
The centaur hits you.
* * * LOW HITPOINT WARNING * * *
The centaur warrior hits you.
You die...

##'## , * ≈
....#,,, , , ....#,
* , , * , ###'#, *
* * *
#...#+#############
*
#...#..≈≈Y'.#.((..+
*
#..h#.#≈§§#.#.#hY.#
* *
#..%'.#§§§#.#h#ccY#
,
'...#.#§§§#h..#c@.#
, *
▓▓▓▓▓▓▓▓▓▓▓▓▓▓▓▓▓▓#
≈ , , , ** + ≈≈ ≈ *
* * + * * * ≈≈ ≈ ,
* ≈ ,


You could see a centaur warrior, 2 centaurs, 2 friendly ice beasts and a
friendly wolf.

Vanquished Creatures
  A deep elf priest (D)
  2 humans (D)
  A wizard (D)
  A necromancer (D)
  A phantom (D)
  A rat (D)
7 creatures vanquished.

Vanquished Creatures (collateral kills)
  Erica (D)
  A shadow (D)
  A spatial vortex (D)
  A necrophage (D)
  An earth elemental (D)
  A water elemental (D)
  An iron imp (D)
  A jelly (D)
  A kobold demonologist (D)
  A human (D)
  Jessica (D)
  2 oozes (D)
13 creatures vanquished.

Vanquished Creatures (others)
  2 draconian scorchers (D)
  A yaktaur (D)
  5 ice beasts (D)
  2 wolves (D)
  An electric eel (D)
  A hound (D)
  An iron imp (D)
  A shadow imp (D)
  A white imp (D)
  2 bats (D)
  3 quokkas (D)
20 creatures vanquished.

Grand Total: 40 creatures vanquished

Notes
Turn   | Place    | Note
--------------------------------------------------------------
     0 | D        | PolkaDot, the Vampire Summoner, began the quest for the Orb.
     0 | D        | Reached XP level 1. HP: 13/13 MP: 3/3
    42 | D        | Killed a yaktaur
   137 | D        | Reached skill level 5 in Summonings
   165 | D        | Noticed Jessica
   182 | D        | Killed Jessica
   182 | D        | Reached skill level 6 in Summonings
   182 | D        | Reached XP level 2. HP: 8/19 MP: 1/4
   316 | D        | Learned a level 2 spell: Call Imp
   358 | D        | Killed a white draconian scorcher
   419 | D        | Killed a white draconian scorcher
   554 | D        | Gained mutation: You are partially covered in rugged brown scales (AC +1, +3% HP). [potion of mutation]
   554 | D        | Gained mutation: You are resistant to hostile enchantments. [potion of mutation]
   554 | D        | Gained mutation: Your mind is acute. (Int +2) [potion of mutation]
   572 | D        | Reached XP level 3. HP: 21/24 MP: 1/6
   622 | D        | Learned a level 3 spell: Call Canine Familiar
   637 | D        | Gained mutation: You possess an exceptional clarity of mind. [potion of mutation]
   637 | D        | Gained mutation: You are weak. (Str -2) [potion of mutation]
   637 | D        | Gained mutation: You are agile. (Dex +2) [potion of mutation]
   638 | D        | Gained mutation: You are partially covered in rough black scales (AC +4, Dex -1). [potion of mutation]
   638 | D        | Gained mutation: You passively map a small area around you. [potion of mutation]
   639 | D        | Lost mutation: You are weak. (Str -2) [potion of mutation]
   639 | D        | Lost mutation: You are resistant to hostile enchantments. [potion of mutation]
   648 | D        | Noticed a water elemental
   657 | D        | Killed a water elemental
   657 | D        | Reached skill level 8 in Summonings
   761 | D        | Found a glowing silver altar of Zin.
   761 | D        | Found a glowing golden altar of the Shining One.
   761 | D        | Found a white marble altar of Elyvilon.
   762 | D        | Noticed a deep elf priest
   781 | D        | Killed a deep elf priest
   781 | D        | Reached skill level 10 in Summonings
   781 | D        | Reached XP level 4. HP: 2/30 MP: 3/15
   781 | D        | Reached XP level 5. HP: 2/36 MP: 3/17
   909 | D        | Killed an electric eel
  1082 | D        | Found an iron altar of Okawaru.
  1082 | D        | Found a bloodstained altar of Trog.
  1082 | D        | Noticed a human
  1083 | D        | Noticed a human
  1120 | D        | Killed a human
  1120 | D        | Reached skill level 11 in Summonings
  1120 | D        | Reached XP level 6. HP: 9/42 MP: 7/19
  1231 | D        | Learned a level 4 spell: Summon Ice Beast
  1236 | D        | Learned a level 4 spell: Summon Lightning Spire
  1241 | D        | Learned a level 4 spell: Summon Guardian Golem
  1377 | D        | Killed a human
  1377 | D        | Reached skill level 12 in Summonings
  1470 | D        | Found a basalt altar of Yredelemnul.
  1470 | D        | Found a snail-covered altar of Cheibriados.
  1470 | D        | Found a blossoming altar of Fedhas.
  1470 | D        | Noticed a necrophage
  1470 | D        | Noticed a necromancer
  1476 | D        | Killed a necrophage
  1588 | D        | Killed a necromancer
  1588 | D        | Reached XP level 7. HP: 43/43 MP: 22/22
  1599 | D        | Noticed a jelly
  1600 | D        | Noticed a shadow
  1617 | D        | Killed a shadow
  1617 | D        | Killed a jelly
  1743 | D        | Found a stormy altar of Qazlal.
  1743 | D        | Found a sacrificial altar of Ru.
  1743 | D        | Found a burning altar of Makhleb.
  1743 | D        | Found a shimmering altar of Xom.
  1744 | D        | Noticed a spatial vortex
  1744 | D        | Found a viscous altar of Jiyva.
  1744 | D        | Found a shadowy altar of Dithmenos.
  1744 | D        | Found a sparkling altar of Nemelex Xobeh.
  1744 | D        | Found a corrupted altar of Lugonu.
  1744 | D        | Found an opulent altar of Gozag.
  1751 | D        | Killed a spatial vortex
  1751 | D        | Reached skill level 13 in Summonings
  1768 | D        | Found a radiant altar of Vehumet.
  1768 | D        | Found a deep blue altar of Sif Muna.
  1768 | D        | Found an ancient bone altar of Kikubaaqudgha.
  1768 | D        | Noticed a wizard
  1775 | D        | Killed a wizard
  1775 | D        | Reached skill level 5 in Ice Magic
  1777 | D        | Noticed a red devil
  1779 | D        | Noticed a hellwing
  1793 | D        | Noticed an ice devil
  1808 | D        | Became a worshipper of Sif Muna the Loreminder
  1957 | D        | Noticed Erica
  1965 | D        | Killed Erica
  1965 | D        | Acquired Sif Muna's first power
  1965 | D        | Acquired Sif Muna's second power
  1965 | D        | Reached skill level 5 in Hexes
  1965 | D        | Reached skill level 14 in Summonings
  1965 | D        | Reached XP level 8. HP: 28/49 MP: 24/24
  2222 | D        | Noticed an earth elemental
  2265 | D        | Killed an earth elemental
  2276 | D        | Noticed a centaur
  2276 | D        | Noticed a centaur warrior
  2276 | D        | Noticed a centaur
  2281 | D        | Slain by a centaur warrior

Action                   |  1- 3 |  4- 6 |  7- 9 || total
-------------------------+-------+-------+-------++-------
Melee: Dagger            |    27 |    22 |    24 ||    73
       Unarmed           |     4 |       |       ||     4
       Scimitar          |       |       |     1 ||     1
 Cast: Summon Small Mamm |     8 |       |       ||     8
       Call Imp          |     8 |     4 |     4 ||    16
       Call Canine Famil |     1 |     2 |     6 ||     9
       Summon Ice Beast  |       |       |    15 ||    15
Invok: Channel Energy    |       |       |    27 ||    27
 Abil: End Transformatio |       |     1 |       ||     1
       Bat Form          |       |     1 |       ||     1
  Use: Potion            |     8 |       |       ||     8
       Scroll            |     2 |       |     1 ||     3
 Stab: Distracted        |       |     2 |       ||     2
       Sleeping          |       |     1 |     2 ||     3
  Eat: Corpse            |     1 |     1 |     1 ||     3
